 Dungeon Crawl Stone Soup version 0.25.1-2-g60ff931df9 (webtiles) character file.

Game seed: 12976096237474175410

4368 H0rd4k the Covert (level 10, -1/61 HPs)
             Began as an Octopode Transmuter on Aug 25, 2020.
             Was an Initiate of Gozag.
             Slain by a two-headed ogre
             ... wielding a cursed +0 dire flail
              (10 damage)
             ... on level 10 of the Dungeon.
             The game lasted 00:14:37 (10253 turns).

H0rd4k the Covert (Octopode Transmuter)            Turns: 10253, Time: 00:14:38

Health: -1/61      AC:  2    Str: 16    XL:     10   Next: 34%
Magic:  19/19      EV: 22    Int: 25    God:    Gozag
Gold:   502        SH:  0    Dex: 17    Spells: 10/21 levels left

rFire    + . .     SeeInvis .     - Unarmed
rCold    . . .     Gourm    .   (shield currently unavailable)
rNeg     + . .     Faith    .   (helmet currently unavailable)
rPois    x         Spirit   .   (no amulet)
rElec    .         Reflect  .   k - ring of positive energy
rCorr    .         Harm     .   q - +6 ring of strength
MR       +....                  w - ring of protection from magic
Stlth    ++++......             s - ring of protection from fire
HPRegen  0.20/turn              v - +6 ring of intelligence
MPRegen  0.16/turn              (no ring)
                                (no ring)
                                (no ring)

@: spider-form
A: tiny, almost no armour, stealthy swim, (amphibious), 8 rings, (constrict 8),
mutation resistance 1, sense surroundings 1
a: End Transformation, Potion Petition, Call Merchant, Bribe Branch, Renounce
Religion


You were on level 10 of the Dungeon.
You worshipped Gozag.
Gozag was pleased with you.
You were not hungry.
You were a venomous arachnid creature.
You visited 1 branch of the dungeon, and saw 10 of its levels.

You collected 563 gold pieces.
You paid 61 gold pieces to Gozag.

Inventory:

Missiles
 a - 149 arrows
 z - 7 curare-tipped darts (quivered)
 B - 17 poisoned darts
Jewellery
 h - an uncursed ring of flight
 k - a ring of positive energy (left front leg)
 q - a +6 ring of strength (right front leg)
 s - a ring of protection from fire (on tentacle)
 v - a +6 ring of intelligence (on tentacle)
 w - a ring of protection from magic (on tentacle)
Wands
 n - a wand of random effects (11)
 y - a wand of iceblast (3)
Scrolls
 d - 3 scrolls of amnesia
 f - 3 scrolls of remove curse {unknown}
 g - 2 scrolls of enchant weapon {unknown}
 i - a scroll of fear {unknown}
 j - 3 scrolls of identify {unknown}
 l - 2 scrolls of immolation {unknown}
 o - 2 scrolls of enchant armour {unknown}
 r - a scroll of blinking {unknown}
 t - 2 scrolls of fog {unknown}
 u - a scroll of random uselessness {unknown}
 x - 3 scrolls of teleportation {unknown}
 A - a scroll of acquirement {unknown}
 D - 2 scrolls of noise {unknown}
 E - a scroll of silence {unknown}
Potions
 b - a potion of stabbing
 e - a potion of brilliance
 m - a potion of haste {unknown}
 p - 2 potions of heal wounds {unknown}
 C - a potion of magic {unknown}
 F - a potion of flight {unknown}
 G - a potion of degeneration {unknown}
Comestibles
 c - 6 rations


   Skills:
 + Level 2.4 Fighting
 + Level 4.0 Dodging
 + Level 8.7 Stealth
 + Level 8.6 Unarmed Combat
 * Level 6.4 Spellcasting
 * Level 7.1 Transmutations
 + Level 1.7 Poison Magic
 + Level 1.5 Evocations


You had 10 spell levels left.
You knew the following spells:

 Your Spells              Type           Power        Failure   Level  Hunger
a - Beastly Appendage     Tmut           #####.       3%          1    None
b - Sticks to Snakes      Tmut           #####...     3%          2    None
c - Spider Form           Tmut/Pois      ####......   12%         3    None
d - Blade Hands           Tmut           #####.....   26%         5    #####..

Your spell library contained the following spells:

 Spells                   Type           Power        Failure   Level  Hunger
 Ice Form                 Ice/Tmut       ####....     34%         4    ###....


Dungeon Overview and Level Annotations

Branches:
Dungeon (10/15)            Temple (0/1) D:7
   Lair: D:8-11         Orc: D:9-12

Altars:
Fedhas
Gozag
Hepliaklqana
Okawaru
Qazlal
Uskayaw

Shops:
D:5 :   D:7 *   D:9 }([

Annotations:
D:3 exclusion: downstairs
D:4 Dowan, Duvessa, Eustachio
D:5 3 runed translucent doors, lllmatko's ghost, novice MiBe
D:6 1 runed translucent door, exclusions: door and downstairs, Crazy Yiuf
D:9 exclusion: upstairs
D:10 exclusion: upstairs


Innate Abilities, Weirdness & Mutations

You cannot wear most types of armour.
You are very stealthy in the water. (Stealth+)
((You are amphibious.))
You can wear up to eight rings at the same time.
((You can use your tentacles to constrict eight enemies at once.))
((Your skin changes colour to match your surroundings (Stealth+).))
((Your rubbery body absorbs attacks. (AC +1, EV +1)))
You are somewhat resistant to further mutation.
You passively map a small area around you.


Message History

You hit the two-headed ogre but do no damage.
The two-headed ogre looks as sick as possible!
The two-headed ogre is moderately wounded.
You hit the two-headed ogre.
The two-headed ogre looks as sick as possible!
The two-headed ogre is heavily wounded.
The two-headed ogre barely misses you.
The two-headed ogre hits you with a cursed +0 giant spiked club!!
Evoke which item? (* to show all) (? for menu, Esc to quit)
Aiming: Iceblast
Press: ? - help, Shift-Dir - straight line, f/p - two-headed ogre
Aim: a two-headed ogre, wielding a +0 dire flail and a +0 giant spiked club (severely wounded, very poisoned)
The mass of ice explodes!
The iceblast engulfs the two-headed ogre!
The two-headed ogre is almost dead.
The two-headed ogre hits you with a cursed +0 dire flail!
* * * LOW HITPOINT WARNING * * *
The two-headed ogre hits you with a cursed +0 giant spiked club!
You die...
Your body crumbles into a pile of gold.

** *#.# #.##...#.# #.# #
+#########.# #.##...#.# #.# # ,
...........# #.##...#.# #.# #
,,+......#.## #......#.###.# # ,,
######.#.# ########...(.# # ,
..######.#.###################
..............................
##########.###..................
...............s..........<..###
######.......#O#......##.##.....
#.......#.#....#.##..#(.... *
#.......#.###.##.###)#.....
#..................#.#..... ,*
#####'#.#.#...##.#.#.##'### ,*
#.#.#.#.####.#.#.##'###
###########.###.#......#.#.#.....
................########.#.......


You could see a two-headed ogre (very poisoned).

Vanquished Creatures
  A two-headed ogre (D:9)
  Pikel (D:7)
  A hippogriff (D:7)
  A hungry ghost (D:7)
  A warg (D:9)
  2 orc warriors (D:9)
  3 ice beasts (D:6)
  A sky beast (D:5)
  2 slaves (D:7)
  A black bear (D:7)
  An ogre (D:7)
  6 centaurs
  A big kobold (D:9)
  3 bullfrogs
  A scorpion (D:6)
  A water moccasin skeleton (D:9)
  A killer bee (D:9)
  4 crimson imps
  3 centaur zombies
  A bullfrog zombie (D:7)
  4 hounds
  A bullfrog skeleton (D:5)
  2 jellies
  2 centaur skeletons (D:9)
  Terence (D:2)
  An iguana (D:10)
  Natasha (thrice) (D:2)
  5 worker ants
  A hound zombie (D:7)
  A hound skeleton (D:6)
  4 gnolls (D:5)
  8 adders
  2 shadow imps
  2 oozes
  2 adder zombies
  A worm (D:3)
  4 dart slugs
  2 leopard geckos
  8 orcs
  3 giant cockroaches
  6 goblins
  7 hobgoblins
  7 jackals
  3 quokkas
  2 ball pythons (D:3)
  5 bats
  5 frilled lizards
  A jackal skeleton (D:4)
  13 kobolds
  10 rats
152 creatures vanquished.

Vanquished Creatures (others)
  5 plants (D:9)
5 creatures vanquished.

Grand Total: 157 creatures vanquished

Notes
Turn   | Place    | Note
-------+----------+-------------------------------------------
     0 | D:1      | H0rd4k the Octopode Transmuter began the quest for the Orb.
     0 | D:1      | Reached XP level 1. HP: 13/13 MP: 3/3
   104 | D:1      | Reached XP level 2. HP: 13/18 MP: 5/5
   382 | D:1      | Reached skill level 1 in Stealth
   713 | D:1      | Reached XP level 3. HP: 22/23 MP: 6/6
  1002 | D:1      | Learned a level 2 spell: Sticks to Snakes
  1006 | D:1      | Learned a level 3 spell: Spider Form
  1374 | D:2      | Noticed Natasha
  1385 | D:2      | Killed Natasha
  1400 | D:2      | Noticed Terence
  1414 | D:2      | Killed Terence
  1414 | D:2      | Reached XP level 4. HP: 13/28 MP: 7/7
  1679 | D:2      | Noticed Natasha
  1692 | D:2      | Killed Natasha
  1833 | D:2      | Reached XP level 5. HP: 30/33 MP: 6/8
  1858 | D:2      | Noticed Natasha
  1875 | D:2      | Killed Natasha
  2725 | D:3      | Reached XP level 6. HP: 37/38 MP: 10/10
  2922 | D:3      | Found an iron altar of Okawaru.
  3153 | D:4      | Noticed Eustachio
  3359 | D:4      | Noticed Duvessa
  3359 | D:4      | Noticed Dowan
  3384 | D:5      | Entered Level 5 of the Dungeon
  3578 | D:5      | Found a runed translucent gate.
  3579 | D:5      | Found a runed translucent gate.
  3579 | D:5      | Noticed a water moccasin
  3580 | D:5      | Found a runed translucent gate.
  3586 | D:5      | Noticed lllmatko's ghost (novice MiBe)
  3599 | D:5      | Found a stormy altar of Qazlal.
  3632 | D:5      | Reached skill level 5 in Unarmed Combat
  3632 | D:5      | Reached XP level 7. HP: 33/43 MP: 11/11
  3732 | D:5      | Found Zexiqeumye's Book Shoppe.
  3991 | D:5      | Reached skill level 5 in Stealth
  4003 | D:5      | Gained mutation: You are somewhat resistant to further
                  | mutation. [potion of mutation]
  4003 | D:5      | Gained mutation: You passively map a small area around you.
                  | [potion of mutation]
  4005 | D:5      | HP: 2/43 [poisoned by a gnoll]
  4936 | D:5      | Reached XP level 8. HP: 23/48 MP: 11/13
  5526 | D:6      | Found a blossoming altar of Fedhas.
  5639 | D:6      | Reached skill level 5 in Transmutations
  5975 | D:6      | Found a hide-covered altar of Uskayaw.
  5978 | D:6      | Found a hazy altar of Hepliaklqana.
  6068 | D:6      | Found a runed translucent door.
  6069 | D:6      | Noticed Crazy Yiuf
  6130 | D:7      | Found an opulent altar of Gozag.
  6206 | D:7      | Reached skill level 1 in Evocations
  6248 | D:7      | Became a worshipper of Gozag Ym Sagoz the Greedy
  6780 | D:7      | Found a staircase to the Ecumenical Temple.
  6788 | D:7      | Reached XP level 9. HP: 46/54 MP: 14/16
  7245 | D:7      | Reached skill level 5 in Spellcasting
  7351 | D:7      | Noticed Pikel
  7371 | D:7      | Killed Pikel
  7371 | D:7      | Reached skill level 1 in Poison Magic
  7575 | D:7      | Found Saos's Lightly-Used Armoury.
  7903 | D:7      | Learned a level 5 spell: Blade Hands
  8036 | D:8      | Noticed a death yak
  8036 | D:8      | Noticed a death yak
  8037 | D:8      | Noticed a death yak
  8160 | D:9      | Noticed a two-headed ogre
  8164 | D:9      | Found Ypeikkergh's Gadget Boutique.
  8186 | D:9      | Killed a two-headed ogre
  8186 | D:9      | Reached XP level 10. HP: 41/60 MP: 17/19
  8812 | D:9      | Found Loyl's Antique Armour Shoppe.
  8819 | D:9      | Found Gacaorin's Antique Weapon Shoppe.
  8978 | D:9      | Found Ires's Antique Weapon Shoppe.
  9662 | D:10     | Entered Level 10 of the Dungeon
 10219 | D:10     | Noticed a two-headed ogre
 10253 | D:10     | Slain by a two-headed ogre

Illustrated notes

Levels and vault maps discovered:
D:1:      matt_arrival_spirals, layout_loops_ring, minmay_door_square,
          grunt_decor_cap, corexii_item_surrounded_by_moat, minivault_27,
          minmay_pentomino_t4
D:2:      minmay_evil_eye, layout_loops_ring, minmay_crystal_room, uniq_natasha,
          uniq_terence
D:3:      layout_rooms, lemuel_round_altar
D:4:      layout_cave_pods, grunt_temple_overflow_open, uniq_robin,
          uniq_duvessa, uniq_eustachio
D:5:      layout_loops_ring, grunt_qazlal_sundering, serial_shops, shop,
          first_ration, gammafunk_ghost_split
D:6:      layout_rooms, minitemple, minivault_1, chequers_serial_rivers_micro_e,
          minivault_27, uniq_crazy_yiuf_cottage
D:7:      layout_loops_ring, grunt_gozag_breadcrumbs,
          minmay_temple_entry_glassed_door, minmay_shop_damaged, uniq_pikel
D:8:      layout_basic, dpeg_lair_monsters, uniq_harold, uniq_prince_ribbit1
D:9:      layout_loops_ring, erik_orc_3, serial_shops, nicolae_shop_waterfront,
          nicolae_shop_statue_plus, kennysheep_mini,
          nicolae_shop_overgrown_old_shop, basic_altar
D:10:     layout_basic, billiards_dpeg

Skill      XL: |  1  2  3  4  5  6  7  8  9 10 |
---------------+-------------------------------+-----
Stealth        | 1 2 3 4 5 7 8 |  8.7
Unarmed Combat | 4 5 6 8 |  8.6
Transmutations | 3 4 5 6 7 |  7.1
Spellcasting   | 3 4 6 |  6.4
Dodging        | 3 4 |  4.0
Evocations     | 1 |  1.5
Fighting       | 2 |  2.4
Poison Magic   | 1 |  1.7

Action                   |  1- 3 |  4- 6 |  7- 9 | 10-12 || total
-------------------------+-------+-------+-------+-------++-------
Melee: Unarmed           |    76 |   140 |   192 |   101 ||   509
       Constrict         |    18 |    28 |    22 |    12 ||    80
       Tentacles         |     7 |    21 |    32 |    21 ||    81
       Punch             |     2 |     1 |     5 |     4 ||    12
       Kick              |     6 |    15 |    55 |    26 ||   102
 Cast: Beastly Appendage |     2 |    10 |    29 |    14 ||    55
       Spider Form       |       |       |     4 |     2 ||     6
Evoke: Wand              |       |       |     8 |     3 ||    11
  Use: Potion            |       |     1 |     8 |     2 ||    11
       Scroll            |       |       |     1 |       ||     1
 Stab: Sleeping          |    10 |     8 |    14 |     2 ||    34
       Distracted        |       |       |     1 |       ||     1
       Confused          |       |       |     1 |       ||     1
  Eat: Chunk             |     2 |     7 |     5 |       ||    14
       Ration            |       |       |     3 |     2 ||     5
Armor: Skin              |     4 |    17 |     4 |     6 ||    31
Dodge: Dodged            |    41 |   103 |   118 |    63 ||   325
